 Dungeon Crawl Stone Soup version bcrawl-1.36.4 (webtiles) character file.

Game seed: 2217603054289516080

144009 Morbidden the Sneak (level 5, 0/30 HPs)
             Began as a Vine Stalker Archaeologist on July 1, 2022.
             Slain by a bullfrog (1 damage)
             ... on level 3 of the Dungeon.
             The game lasted 00:07:06 (2793 turns).

Morbidden the Sneak (Vine Stalker Archaeologist)    Turns: 2793, Time: 00:07:07

Health: 0/30       AC: 10    Str: 26    XL:     5   Next: 64%
Magic:  17/17      EV: 12    Int: 39    God:
Gold:   162        SH:  0    Dex: 12    Spells: 7/7 levels left

rFire    . . .     SeeInvis .   a - +6 Majin-Bo {vamp, *Drain Str+12 Int+24}
rCold    . . .     Gourm    .   (shield currently unavailable)
rNeg     . . .     Faith    .   x - +0 scale mail
rPois    .         Spirit   .   d - +1 hat
rElec    .         Reflect  .   (no cloak)
rCorr    .                      n - +0 pair of gloves
MR       .....                  p - +1 pair of boots
Stlth    +.........             (no amulet)
HPRegen  0.50/turn              u - ring of magical power
MPRegen  0.15/turn              (no ring)

@: no status effects
A: fangs 2, regeneration 1, no potion heal 3, rot immunity, strong jaws
a: no special abilities


You were on level 3 of the Dungeon.
You were not hungry.

You visited 1 branch of the dungeon, and saw 3 of its levels.

You collected 162 gold pieces.

Inventory:

Hand Weapons
 a - the +6 Majin-Bo (weapon) {vamp, *Drain Str+12 Int+24}
   (You acquired it on level 3 of the Dungeon)

   It inflicts no extra harm, but heals its wielder when it wounds a living foe.
   It affects your strength (+12).
   It affects your intelligence (+24).
   It causes draining when unequipped.
 s - a +0 blowgun
Missiles
 c - 84 poisoned needles
 t - a throwing net {=f}
Armour
 d - a +1 hat (worn)
 n - a +0 pair of gloves (worn)
 p - a +1 pair of boots (worn)
 x - a +0 scale mail (worn)
Jewellery
 u - a ring of magical power (left hand)
Scrolls
 g - a scroll of magic mapping
 h - a scroll of remove curse {unknown}
 i - 3 scrolls of identify
 j - a scroll of fear {unknown}
 l - a scroll of enchant weapon {unknown}
 m - 3 scrolls of noise {unknown}
 v - a scroll of amnesia {unknown}
Potions
 b - a potion of lignification {unknown}
 f - a potion of invisibility {unknown}
 k - 2 potions of berserk rage {unknown}
 o - a potion of resistance {unknown}
 q - 2 potions of haste {unknown}
 r - a potion of heal wounds {unknown}
 w - a potion of brilliance {unknown}
Comestibles
 e - 9 rations {!d}
 z - 5 chunks of flesh


   Skills:
 * Level 1.9 Fighting
   Level 1.1 Short Blades
   Level 0.8(0.9) Maces & Flails
 * Level 0.2(0.5) Staves
   Level 0.6(1.1) Slings
 * Level 1.2(1.3) Throwing
 * Level 4.5 Dodging
 + Level 5.2 Stealth
 * Level 1.6 Spellcasting


You had 7 spell levels left.
You didn't know any spells.
Your spell library was empty.

Dungeon Overview and Level Annotations

Branches:
Dungeon (3/12)

Altars:

Annotations:
D:3 3 runed translucent doors, TroggerJogger's ghost, amateur DgFi


Innate Abilities, Weirdness & Mutations

You have extremely sharp teeth.
Your natural rate of healing is unusually fast.
Potions cannot restore your health.
You are immune to rotting.
Your bites deal extra damage.


Message History

The bullfrog hits you! The bullfrog barely misses you.
You barely miss the bullfrog. The bullfrog closely misses you.
The bullfrog hits you.
You are too injured to fight recklessly!
You are too injured to fight recklessly!
You are too injured to fight recklessly!
No path to travel!
You closely miss the bullfrog. You bite the bullfrog!
The bullfrog is moderately wounded.
The bullfrog hits you!
* * * LOW HITPOINT WARNING * * *
No path to travel!
No path to travel!
No path to travel!
You barely miss the bullfrog.
The bullfrog is moderately wounded.
The bullfrog hits you.
* * * LOW HITPOINT WARNING * * *
The bullfrog hits you.
You die...

#.....)....#.##
#########....#.##
#######...(.(.#....#.#.
#.....#((.....#........
#.....#....(..#........
#.(...#..(....#......#.
#.....#W....♣.#........
#.....###+++###........
#....F@................
#..........#########...
#.........## #...
##........##############
#.....#.####.........##.
#.......####............
#............>...>....##
###..#$.................
#.######...........###


You could see a bullfrog and TroggerJogger's ghost.

Vanquished Creatures
  A scorpion (D:3)
  3 adders
  An ooze (D:3)
  4 worms
  2 dart slugs
  5 leopard geckos
  3 giant cockroaches
  12 hobgoblins
  11 jackals
  13 kobolds
  2 quokkas (D:2)
  4 bats
  2 frilled lizards
  9 goblins
  6 rats
78 creatures vanquished.

Notes
Turn   | Place    | Note
-------+----------+-------------------------------------------
     0 | D:1      | Morbidden the Vine Stalker Archaeologist began the quest
                  | for the Orb.
     0 | D:1      | Reached XP level 1. HP: 11/11 MP: 2/2
    63 | D:1      | Reached skill level 1 in Fighting
   217 | D:1      | Reached XP level 2. HP: 15/16 MP: 3/3
   679 | D:1      | Reached XP level 3. HP: 10/20 MP: 4/4
   721 | D:1      | Reached skill level 5 in Stealth
  1333 | D:2      | Reached XP level 4. HP: 25/25 MP: 6/6
  1772 | D:2      | Reached skill level 1 in Spellcasting
  2363 | D:3      | Reached skill level 1 in Short Blades
  2468 | D:3      | Reached skill level 1 in Throwing
  2468 | D:3      | Reached XP level 5. HP: 30/30 MP: 7/7
  2468 | D:3      | Identified a scroll of acquirement
  2469 | D:3      | Found the +6 Majin-Bo {vamp, *Drain Str+12 Int+24}
  2572 | D:3      | Found a runed translucent gate.
  2572 | D:3      | Found a runed translucent gate.
  2572 | D:3      | Found a runed translucent gate.
  2572 | D:3      | Noticed a bullfrog
  2782 | D:3      | Noticed TroggerJogger's ghost (amateur DgFi)
  2793 | D:3      | HP: 1/30 [bullfrog (6)]
  2793 | D:3      | Slain by a bullfrog

Skill      XL: |  1  2  3  4 |
---------------+-------------+-----
Fighting       | 1 |  1.9
Stealth        | 5 |  5.2
Dodging        | 4 |  4.5
Spellcasting   | 1 |  1.6
Short Blades   | 1 |  1.1
Throwing       | 1 |  1.2
Maces & Flails | |  0.8
Staves         | |  0.2
Slings         | |  0.6

Action                   |  1- 3 |  4- 6 || total
-------------------------+-------+-------++-------
Melee: Dagger            |   203 |   148 ||   351
       Whip              |    17 |       ||    17
       Bite              |    22 |    14 ||    36
       Quarterstaff      |       |    27 ||    27
       Unarmed           |       |     1 ||     1
 Fire: Hunting sling     |       |    21 ||    21
       Blowgun           |       |     1 ||     1
  Use: Scroll            |       |     2 ||     2
 Stab: Sleeping          |    10 |     5 ||    15
  Eat: Chunk             |     7 |     8 ||    15
       Ration            |       |     2 ||     2
Armor: Robe              |    58 |    25 ||    83
       Scale mail        |       |     5 ||     5
Dodge: Dodged            |   121 |   109 ||   230
